Devils vs Sharks
Created - 9 décembre 2014 at 19:18
Goals
|
| Devils |
0 |
2 |
2 |
4 |
| Sharks |
0 |
2 |
0 |
2 |
|
Shots
|
| Devils |
8 |
14 |
6 |
28 |
| Sharks |
11 |
15 |
8 |
34 |
|
1st period
No Goal
Penalties :
Jason Arnott (NJD) for Roughing (Minor) at 8:10, Dany Heatley (SJS) for Roughing (Minor) at 18:47
2nd period
1. Sharks , David Legwand 20 (Dany Heatley) at 8:32
2. Sharks , Dany Heatley 16 (David Legwand, Alex Pietrangelo) at 12:19 (PP)
3. Devils , Vincent Lecavalier 23 (Guillaume Latendresse, Maxim Afinogenov) at 15:49 (PP)
4. Devils , Vincent Lecavalier 24 (Maxim Afinogenov) at 16:07
Penalties :
Daniel Alfredsson (SJS) for Hooking (Minor) at 4:22, Maxim Afinogenov (NJD) for High sticking (Minor) at 11:02, Dany Heatley (SJS) for Charging (Minor) at 15:05
3rd period
5. Devils , Patric Hornqvist 14 (Jay Bouwmeester, Stephen Weiss) at 1:11 (PP)
6. Devils , Maxim Afinogenov 20 (Zach Parise, Jay Bouwmeester) at 19:25 (Empty Net)
Penalties :
Markus Naslund (SJS) for Tripping (Minor) at 0:30
Goalie Stats
Dan Ellis (NJD), 32 saves from 34 shots - (0,941), W, 8-5-1, 60:00 minutes
Tyler Weiman (SJS), 24 saves from 27 shots - (0,889), L, 11-16-0, 59:46 minutes
Players Stats for Devils
Player Name G A P +/- PIM S H SB GA TA FO MP PP MP PK MP
------------------------------------------------------------------------------------
Andy Greene 0 0 0 0 0 2 0 0 0 0 0/0 10:26 0:00 0:00
Antti Miettinen 0 0 0 0 0 0 1 0 0 0 0/0 8:09 0:00 0:00
Ben Lovejoy 0 0 0 1 0 1 2 0 1 0 0/0 23:05 3:37 0:00
Brad Ference 0 0 0 0 0 1 1 1 0 0 0/0 14:36 0:00 1:25
Dustin Boyd 0 0 0 0 0 3 1 0 0 0 5/7 12:58 0:00 0:49
Greg Stewart 0 0 0 0 0 0 1 1 0 0 0/1 8:47 0:00 0:36
Guillaume Latendresse 0 1 1 0 0 2 2 1 1 0 0/2 17:27 3:22 0:43
Jason Arnott 0 0 0 1 2 0 0 0 0 1 3/5 9:51 0:00 0:57
Jay Bouwmeester 0 2 2 0 0 3 3 2 2 0 0/0 26:50 3:37 1:51
Ladislav Nagy 0 0 0 0 0 3 1 2 3 0 1/1 13:12 0:00 0:47
Maxim Afinogenov 1 2 3 1 2 3 0 1 0 0 1/2 21:22 3:22 0:00
Mike Komisarek 0 0 0 0 0 0 0 1 3 1 0/0 24:52 1:46 1:51
Mike Lundin 0 0 0 1 0 0 0 0 0 0 0/0 19:09 1:46 1:25
Patric Hornqvist 1 0 1 0 0 3 2 0 0 0 0/0 15:21 2:01 0:00
Patrick Eaves 0 0 0 0 0 3 0 0 0 0 0/0 12:06 0:00 0:00
Stephen Weiss 0 1 1 0 0 0 2 0 0 1 3/7 15:20 2:01 0:00
Vincent Lecavalier 2 0 2 0 0 4 3 1 1 0 18/36 21:20 3:22 0:43
Zach Parise 0 1 1 1 0 0 3 0 1 0 1/3 21:51 2:01 1:57
Players Stats for Sharks
Player Name G A P +/- PIM S H SB GA TA FO MP PP MP PK MP
------------------------------------------------------------------------------------
Adam Mair 0 0 0 0 0 1 2 0 1 1 5/8 11:31 0:00 1:19
Adam Pardy 0 0 0 0 0 0 1 0 0 2 0/0 13:34 0:00 0:00
Alex Pietrangelo 0 1 1 -1 0 6 0 2 1 0 0/0 22:32 2:15 0:00
Alexander Radulov 0 0 0 0 0 3 1 0 0 0 0/0 10:06 0:00 0:00
Antoine Vermette 0 0 0 0 0 2 1 2 0 0 1/5 8:33 0:58 0:56
Brandon Yip 0 0 0 0 0 0 0 1 0 2 0/1 13:38 0:58 0:00
Daniel Alfredsson 0 0 0 -1 2 5 2 1 0 0 0/0 21:32 2:18 0:17
Dany Heatley 1 1 2 -1 4 8 2 0 1 0 2/3 23:00 2:18 1:21
David Hale 0 0 0 0 0 0 1 0 0 1 0/0 18:42 1:01 1:57
David Legwand 1 1 2 -1 0 2 4 1 0 2 17/36 25:16 2:18 3:46
Johnny Boychuk 0 0 0 0 0 3 2 0 0 1 0/0 20:51 1:01 3:26
Kyle Wellwood 0 0 0 0 0 1 2 0 0 0 4/7 13:25 0:00 0:00
Lasse Kukkonen 0 0 0 -1 0 0 0 3 0 0 0/0 27:38 2:15 3:26
Markus Naslund 0 0 0 0 2 0 0 0 0 1 0/0 14:26 0:58 0:37
Martin Samuelsson 0 0 0 0 0 1 1 1 0 0 2/3 12:54 0:00 2:30
Nigel Dawes 0 0 0 0 0 2 1 0 0 0 0/0 9:44 0:00 0:00
Shaone Morrisonn 0 0 0 0 0 0 1 2 0 1 0/0 16:30 0:00 1:57
Ted Purcell 0 0 0 0 0 0 2 0 0 1 1/1 10:41 0:00 0:00
3 Stars
1 - Vincent Lecavalier (NJD)
2 - Maxim Afinogenov (NJD)
3 - David Legwand (SJS)
Power Play
Devils - 2 on 4 Attempt(s) - 50,00%
Sharks - 1 on 2 Attempt(s) - 50,00%
Penalty Kill
Devils - 1 on 2 Attempt(s) - 50,00%
- Score 0 goal in Penalty Kill
Sharks - 2 on 4 Attempt(s) - 50,00%
- Score 0 goal in Penalty Kill
Official
Referees : Jackson Dave and Dwyer Gord
Linesman : Mark Wheler and Dan Schachte
Game Notes
Antoine Vermette is injured at 16:44 of 2nd period (Strained Back)
Maxim Afinogenov has scored in a empty net!
Finance
Level 1 -- Attendance: 4642 (77,37%) -- Ticket Income 417 780 $
Level 2 -- Attendance: 3704 (74,08%) -- Ticket Income 222 240 $
Level 3 -- Attendance: 1277 (63,85%) -- Ticket Income 51 080 $
Level 4 -- Attendance: 4000 (100,00%) -- Ticket Income 80 000 $
Luxury Box -- Attendance: 795 (79,50%) -- Ticket Income 143 100 $
Game was played at the Hockey Place Center
Total Attendance: 14418 (80,10%)
Total Ticket Income: 914 200 $
Other Income: 137 130 $
Total Income: 1 051 330 $
Devils
5 vs 5 Forward
Center Left Wing Right Wing Time % Phy DF OF
1 Vincent Lecavalier Zach Parise Maxim Afinogenov 40 1 2 2
2 Stephen Weiss Guillaume Latendresse Patric Hornqvist 30 1 2 2
3 Dustin Boyd Ladislav Nagy Patrick Eaves 20 1 2 2
4 Jason Arnott Greg Stewart Antti Miettinen 10 1 2 2
5 vs 5 Defense
Defense Defense Time % Phy DF OF
1 Jay Bouwmeester Mike Komisarek 40 1 2 2
2 Ben Lovejoy Mike Lundin 30 1 2 2
3 Brad Ference Andy Greene 20 1 2 2
4 Ben Lovejoy Brad Ference 10 1 2 2
PowerPlay Forward
Center Left Wing Right Wing Time % Phy DF OF
1 Vincent Lecavalier Guillaume Latendresse Maxim Afinogenov 60 0 2 3
2 Stephen Weiss Zach Parise Patric Hornqvist 40 0 2 3
PowerPlay Defense
Defense Defense Time % Phy DF OF
1 Ben Lovejoy Jay Bouwmeester 60 1 2 2
2 Mike Lundin Mike Komisarek 40 1 2 2
Penalty Kill 4 Players Forward
Center Wing Time % Phy DF OF
1 Jason Arnott Zach Parise 60 1 2 2
2 Vincent Lecavalier Guillaume Latendresse 40 1 2 2
Penalty Kill 4 Players Defense
Defense Defense Time % Phy DF OF
1 Jay Bouwmeester Mike Komisarek 60 1 2 2
2 Mike Lundin Brad Ference 40 1 2 2
Penalty Kill - 3 Players Forward
Forward Time % Phy DF OF
1 Jason Arnott 60 1 2 2
2 Vincent Lecavalier 40 1 2 2
Penalty Kill - 3 Players Defense
Defense Defense Time % Phy DF OF
1 Jay Bouwmeester Mike Komisarek 60 1 2 2
2 Brad Ference Ben Lovejoy 40 1 2 2
4 vs 4 Forward
Center Wing Time % Phy DF OF
1 Stephen Weiss Guillaume Latendresse 60 1 2 2
2 Vincent Lecavalier Zach Parise 40 1 2 2
4 vs 4 Defense
Defense Defense Time % Phy DF OF
1 Brad Ference Mike Komisarek 60 1 2 2
2 Jay Bouwmeester Mike Lundin 40 1 2 2
Last Minutes Offensive
Center Left Wing Right Wing Defense Defense
Vincent Lecavalier Guillaume Latendresse Maxim Afinogenov Ben Lovejoy Jay Bouwmeester
Last Minutes Defensive
Center Left Wing Right Wing Defense Defense
Jason Arnott Zach Parise Maxim Afinogenov Mike Komisarek Jay Bouwmeester
Goaltenders
Starting : Dan Ellis
Backup : Viktor Fasth
Extra Forwards
Normal : Jason Arnott, Antti Miettinen, Ladislav Nagy - PP : Jason Arnott, Greg Stewart - PK : Ladislav Nagy
Extra Defensemen
Normal : Ben Lovejoy, Mike Komisarek, Andy Greene - PP : Ben Lovejoy - PK : Ben Lovejoy, Mike Lundin
Penalty Shots
Vincent Lecavalier, Maxim Afinogenov, Guillaume Latendresse, Patric Hornqvist, Zach Parise
Sharks
5 vs 5 Forward
Center Left Wing Right Wing Time % Phy DF OF
1 David Legwand Dany Heatley Daniel Alfredsson 40 1 2 2
2 Antoine Vermette Markus Naslund Brandon Yip 30 1 2 2
3 Kyle Wellwood Martin Samuelsson Ted Purcell 20 1 2 2
4 Adam Mair Nigel Dawes Alexander Radulov 10 1 2 2
5 vs 5 Defense
Defense Defense Time % Phy DF OF
1 Alex Pietrangelo Lasse Kukkonen 40 1 2 2
2 David Hale Johnny Boychuk 30 1 2 2
3 Shaone Morrisonn Adam Pardy 20 1 2 2
4 Johnny Boychuk Lasse Kukkonen 10 1 2 2
PowerPlay Forward
Center Left Wing Right Wing Time % Phy DF OF
1 David Legwand Dany Heatley Daniel Alfredsson 60 0 2 3
2 Antoine Vermette Markus Naslund Brandon Yip 40 0 2 3
PowerPlay Defense
Defense Defense Time % Phy DF OF
1 Alex Pietrangelo Lasse Kukkonen 60 1 2 2
2 David Hale Johnny Boychuk 40 1 2 2
Penalty Kill 4 Players Forward
Center Wing Time % Phy DF OF
1 Dany Heatley David Legwand 60 1 4 0
2 Antoine Vermette Daniel Alfredsson 40 1 4 0
Penalty Kill 4 Players Defense
Defense Defense Time % Phy DF OF
1 Johnny Boychuk Lasse Kukkonen 60 1 4 0
2 David Hale Shaone Morrisonn 40 1 4 0
Penalty Kill - 3 Players Forward
Forward Time % Phy DF OF
1 Dany Heatley 60 1 4 0
2 David Legwand 40 1 4 0
Penalty Kill - 3 Players Defense
Defense Defense Time % Phy DF OF
1 Johnny Boychuk Lasse Kukkonen 60 1 4 0
2 David Hale Shaone Morrisonn 40 1 4 0
4 vs 4 Forward
Center Wing Time % Phy DF OF
1 Dany Heatley David Legwand 60 1 2 2
2 Antoine Vermette Daniel Alfredsson 40 1 2 2
4 vs 4 Defense
Defense Defense Time % Phy DF OF
1 Alex Pietrangelo Lasse Kukkonen 60 1 2 2
2 David Hale Shaone Morrisonn 40 1 2 2
Last Minutes Offensive
Center Left Wing Right Wing Defense Defense
David Legwand Dany Heatley Daniel Alfredsson Alex Pietrangelo Lasse Kukkonen
Last Minutes Defensive
Center Left Wing Right Wing Defense Defense
David Legwand Dany Heatley Daniel Alfredsson Johnny Boychuk Lasse Kukkonen
Goaltenders
Starting : Tyler Weiman
Backup : Mike Brodeur
Extra Forwards
Normal : Kyle Wellwood, Ted Purcell, Martin Samuelsson - PP : Kyle Wellwood, Ted Purcell - PK : Martin Samuelsson
Extra Defensemen
Normal : Shaone Morrisonn, Adam Pardy, David Hale - PP : Shaone Morrisonn - PK : Adam Pardy, David Hale
Penalty Shots
Dany Heatley, Ted Purcell, Daniel Alfredsson, Markus Naslund, Brandon Yip
% Time on Ice - Devils
Lines # - Real PCT - Wanted PCT - Time Play
Normal Forward
1 - 34% - 40% - 17:12
2 - 28% - 30% - 13:56
3 - 24% - 20% - 11:58
4 - 15% - 10% - 7:34
Normal Defense
1 - 43% - 40% - 21:46
2 - 30% - 30% - 15:26
3 - 20% - 20% - 10:05
4 - 7% - 10% - 3:23
PP Forward
1 - 63% - 60% - 3:22
2 - 37% - 40% - 2:01
PP Defense
1 - 67% - 60% - 3:37
2 - 33% - 40% - 1:46
PK Forward
1 - 78% - 60% - 2:33
2 - 22% - 40% - 0:43
PK Defense
1 - 57% - 60% - 1:51
2 - 43% - 40% - 1:25
PK3 Forward
1 - 0% - 60%
2 - 0% - 40%
PK3 Defense
1 - 0% - 60%
2 - 0% - 40%
44 Forward
1 - 0% - 60%
2 - 0% - 40%
44 Defense
1 - 0% - 60%
2 - 0% - 40%
Last Minute Offensive - 0:00
Last Minute Defensive - 0:41
Total
Forward - 60:00
Defense - 60:00
|
% Time on Ice - Sharks
Lines # - Real PCT - Wanted PCT - Time Play
Normal Forward
1 - 35% - 40% - 17:51
2 - 31% - 30% - 15:41
3 - 17% - 20% - 8:34
4 - 17% - 10% - 8:35
Normal Defense
1 - 41% - 40% - 20:32
2 - 31% - 30% - 15:37
3 - 24% - 20% - 12:05
4 - 5% - 10% - 2:27
PP Forward
1 - 70% - 60% - 2:18
2 - 30% - 40% - 0:58
PP Defense
1 - 69% - 60% - 2:15
2 - 31% - 40% - 1:01
PK Forward
1 - 77% - 60% - 4:10
2 - 23% - 40% - 1:13
PK Defense
1 - 64% - 60% - 3:26
2 - 36% - 40% - 1:57
PK3 Forward
1 - 0% - 60%
2 - 0% - 40%
PK3 Defense
1 - 0% - 60%
2 - 0% - 40%
44 Forward
1 - 0% - 60%
2 - 0% - 40%
44 Defense
1 - 0% - 60%
2 - 0% - 40%
Last Minute Offensive - 0:40
Last Minute Defensive - 0:00
Total
Forward - 60:00
Defense - 60:00
|
Play by Play
1st period
0:01 of 1st period - David Legwand wins face-off versus Vincent Lecavalier in neutral zone.
0:26 of 1st period - Lasse Kukkonen is hit by Stephen Weiss and loses puck.
0:33 of 1st period - Snap shot by Guillaume Latendresse.
0:33 of 1st period - Stopped by Tyler Weiman with a rebound.
0:54 of 1st period - Slapshot by Kyle Wellwood.
0:54 of 1st period - Stopped by Dan Ellis with a rebound.
0:56 of 1st period - Snap shot by Martin Samuelsson.
0:56 of 1st period - Stopped by Dan Ellis with a rebound.
1:10 of 1st period - Slapshot by Alex Pietrangelo.
1:10 of 1st period - Stopped by Dan Ellis with a rebound.
1:12 of 1st period - Snap shot by Alex Pietrangelo.
1:12 of 1st period - Shot Misses the Net.
1:14 of 1st period - Slapshot by Alex Pietrangelo.
1:14 of 1st period - Stopped by Dan Ellis without a rebound.
1:15 of 1st period - Adam Mair wins face-off versus Zach Parise in Devils zone.
1:26 of 1st period - Slapshot by Adam Mair.
1:26 of 1st period - Stopped by Dan Ellis without a rebound.
1:27 of 1st period - David Legwand wins face-off versus Guillaume Latendresse in Devils zone.
1:43 of 1st period - Off-side.
1:44 of 1st period - Vincent Lecavalier wins face-off versus Antoine Vermette in neutral zone.
2:09 of 1st period - Brandon Yip is hit by Greg Stewart and loses puck.
2:16 of 1st period - Snap shot by Antoine Vermette.
2:16 of 1st period - Stopped by Dan Ellis without a rebound.
2:17 of 1st period - David Legwand wins face-off versus Dustin Boyd in Devils zone.
2:54 of 1st period - Icing by Mike Lundin.
2:55 of 1st period - David Legwand wins face-off versus Stephen Weiss in Devils zone.
3:00 of 1st period - Slapshot by Dany Heatley.
3:00 of 1st period - Shot Blocked by Guillaume Latendresse.
3:21 of 1st period - Snap shot by Vincent Lecavalier.
3:21 of 1st period - Stopped by Tyler Weiman without a rebound.
3:22 of 1st period - Kyle Wellwood wins face-off versus Vincent Lecavalier in Sharks zone.
3:54 of 1st period - Snap shot by Dany Heatley.
3:54 of 1st period - Stopped by Dan Ellis with a rebound.
3:56 of 1st period - Snap shot by Daniel Alfredsson.
3:56 of 1st period - Stopped by Dan Ellis without a rebound.
3:57 of 1st period - Antoine Vermette wins face-off versus Vincent Lecavalier in Devils zone.
4:22 of 1st period - Dany Heatley is hit by Antti Miettinen.
4:46 of 1st period - Patric Hornqvist is hit by Kyle Wellwood and loses puck.
5:30 of 1st period - Wrist shot by Vincent Lecavalier.
5:30 of 1st period - Shot Misses the Net.
5:50 of 1st period - Snap shot by Ben Lovejoy.
5:50 of 1st period - Shot Blocked by Shaone Morrisonn.
6:27 of 1st period - Slapshot by Johnny Boychuk.
6:27 of 1st period - Stopped by Dan Ellis without a rebound.
6:28 of 1st period - Stephen Weiss wins face-off versus Antoine Vermette in Devils zone.
6:58 of 1st period - Guillaume Latendresse is hit by Antoine Vermette and loses puck.
7:15 of 1st period - Wrist shot by Antoine Vermette.
7:15 of 1st period - Stopped by Dan Ellis with a rebound.
7:17 of 1st period - Slapshot by Lasse Kukkonen.
7:17 of 1st period - Deflect By Antoine Vermette.
7:17 of 1st period - Shot Misses the Net.
7:17 of 1st period - Puck is out of play.
7:18 of 1st period - Vincent Lecavalier wins face-off versus David Legwand in Devils zone.
7:18 of 1st period - Vincent Lecavalier is hit by Dany Heatley.
7:34 of 1st period - Snap shot by David Legwand.
7:34 of 1st period - Shot Blocked by Vincent Lecavalier.
7:49 of 1st period - Slapshot by Dustin Boyd.
7:49 of 1st period - Shot Misses the Net.
7:51 of 1st period - Wrist shot by Ladislav Nagy.
7:51 of 1st period - Shot Misses the Net.
8:04 of 1st period - Off-side.
8:05 of 1st period - Adam Mair wins face-off versus Greg Stewart in neutral zone.
8:08 of 1st period - Snap shot by Lasse Kukkonen.
8:08 of 1st period - Shot Blocked by Greg Stewart.
8:10 of 1st period - Minor Penalty to Jason Arnott for Roughing.
8:11 of 1st period - Ladislav Nagy wins face-off versus David Legwand in Devils zone.
8:38 of 1st period - Brandon Yip is hit by Jay Bouwmeester and loses puck.
9:20 of 1st period - Guillaume Latendresse is hit by David Legwand and loses puck.
10:10 of 1st period - Penalty to Jason Arnott is over, Jason Arnott is back on ice.
10:21 of 1st period - Kyle Wellwood is hit by Guillaume Latendresse and loses puck.
10:47 of 1st period - Alexander Radulov is hit by Patric Hornqvist and loses puck.
11:41 of 1st period - Backhand shot by Vincent Lecavalier.
11:41 of 1st period - Shot Misses the Net.
11:57 of 1st period - Snap shot by Ladislav Nagy.
11:57 of 1st period - Shot Blocked by Brandon Yip.
11:59 of 1st period - Snap shot by Ladislav Nagy.
11:59 of 1st period - Stopped by Tyler Weiman without a rebound.
12:00 of 1st period - Dustin Boyd wins face-off versus Kyle Wellwood in Sharks zone.
12:11 of 1st period - Slapshot by Ladislav Nagy.
12:11 of 1st period - Stopped by Tyler Weiman with a rebound.
12:17 of 1st period - Mike Komisarek is hit by Martin Samuelsson and loses puck.
13:33 of 1st period - Mike Komisarek is hit by Ted Purcell.
13:53 of 1st period - Wrist shot by Patrick Eaves.
13:53 of 1st period - Deflect By David Legwand.
13:53 of 1st period - Stopped by Tyler Weiman with a rebound.
13:55 of 1st period - Slapshot by Andy Greene.
13:55 of 1st period - Stopped by Tyler Weiman with a rebound.
13:57 of 1st period - Slapshot by Andy Greene.
13:57 of 1st period - Shot Misses the Net.
14:09 of 1st period - Dany Heatley is hit by Zach Parise and loses puck.
14:17 of 1st period - Off-side.
14:18 of 1st period - Vincent Lecavalier wins face-off versus Antoine Vermette in neutral zone.
14:29 of 1st period - Wrist shot by Vincent Lecavalier.
14:29 of 1st period - Shot Blocked by Antoine Vermette.
14:55 of 1st period - Slapshot by Stephen Weiss.
14:55 of 1st period - Shot Misses the Net.
16:18 of 1st period - Guillaume Latendresse is hit by Adam Mair and loses puck.
16:33 of 1st period - Ben Lovejoy is hit by Adam Pardy and loses puck.
17:07 of 1st period - Greg Stewart is hit by Daniel Alfredsson and loses puck.
17:47 of 1st period - Adam Mair is hit by Jay Bouwmeester and loses puck.
18:23 of 1st period - Snap shot by Daniel Alfredsson.
18:23 of 1st period - Deflect By David Legwand.
18:23 of 1st period - Shot Misses the Net.
18:23 of 1st period - Puck is out of play.
18:24 of 1st period - David Legwand wins face-off versus Vincent Lecavalier in Devils zone.
18:25 of 1st period - Snap shot by Daniel Alfredsson.
18:25 of 1st period - Stopped by Dan Ellis without a rebound.
18:26 of 1st period - Vincent Lecavalier wins face-off versus David Legwand in Devils zone.
18:47 of 1st period - Minor Penalty to Dany Heatley for Roughing.
18:48 of 1st period - Martin Samuelsson wins face-off versus Vincent Lecavalier in Sharks zone.
19:21 of 1st period - Snap shot by Guillaume Latendresse.
19:21 of 1st period - Shot Blocked by Shaone Morrisonn.
19:23 of 1st period - Snap shot by Jay Bouwmeester.
19:23 of 1st period - Stopped by Tyler Weiman without a rebound.
19:24 of 1st period - Stephen Weiss wins face-off versus Adam Mair in Sharks zone.
19:25 of 1st period - Snap shot by Patric Hornqvist.
19:25 of 1st period - Stopped by Tyler Weiman without a rebound.
19:26 of 1st period - Adam Mair wins face-off versus Stephen Weiss in Sharks zone.
19:41 of 1st period - Slapshot by Zach Parise.
19:41 of 1st period - Shot Blocked by Martin Samuelsson.
19:51 of 1st period - Mike Komisarek is hit by Adam Mair and loses puck.
Goals for this period are 0 for Devils vs 0 for Sharks.
Shots for this period are 8 for Devils vs 11 for Sharks.
2nd period
0:01 of 2nd period - Martin Samuelsson wins face-off versus Vincent Lecavalier in neutral zone.
0:04 of 2nd period - Backhand shot by Johnny Boychuk.
0:04 of 2nd period - Shot Misses the Net.
0:47 of 2nd period - Penalty to Dany Heatley is over, Dany Heatley is back on ice.
0:56 of 2nd period - Dustin Boyd is hit by Nigel Dawes and loses puck.
1:20 of 2nd period - Slapshot by Brad Ference.
1:20 of 2nd period - Shot Misses the Net.
1:22 of 2nd period - Snap shot by Andy Greene.
1:22 of 2nd period - Shot Misses the Net.
2:15 of 2nd period - Mike Lundin is hit by Daniel Alfredsson and loses puck.
2:24 of 2nd period - Slapshot by Ladislav Nagy.
2:24 of 2nd period - Stopped by Tyler Weiman with a rebound.
2:42 of 2nd period - Snap shot by Vincent Lecavalier.
2:42 of 2nd period - Deflect By Adam Mair.
2:42 of 2nd period - Shot Misses the Net.
2:42 of 2nd period - Puck is out of play.
2:43 of 2nd period - Vincent Lecavalier wins face-off versus Adam Mair in Sharks zone.
2:44 of 2nd period - Snap shot by Maxim Afinogenov.
2:44 of 2nd period - Shot Misses the Net.
2:46 of 2nd period - Slapshot by Andy Greene.
2:46 of 2nd period - Stopped by Tyler Weiman without a rebound.
2:47 of 2nd period - Vincent Lecavalier wins face-off versus David Legwand in Sharks zone.
4:19 of 2nd period - Slapshot by Ben Lovejoy.
4:19 of 2nd period - Stopped by Tyler Weiman without a rebound.
4:20 of 2nd period - David Legwand wins face-off versus Vincent Lecavalier in Sharks zone.
4:22 of 2nd period - Minor Penalty to Daniel Alfredsson for Hooking.
4:23 of 2nd period - David Legwand wins face-off versus Vincent Lecavalier in Sharks zone.
4:33 of 2nd period - Wrist shot by Guillaume Latendresse.
4:33 of 2nd period - Shot Blocked by David Legwand.
4:49 of 2nd period - Shaone Morrisonn is hit by Stephen Weiss and loses puck.
4:54 of 2nd period - Wrist shot by Patric Hornqvist.
4:54 of 2nd period - Stopped by Tyler Weiman with a rebound.
6:22 of 2nd period - Penalty to Daniel Alfredsson is over, Daniel Alfredsson is back on ice.
6:29 of 2nd period - Adam Mair is hit by Ben Lovejoy and loses puck.
7:01 of 2nd period - Antti Miettinen is hit by Kyle Wellwood and loses puck.
8:05 of 2nd period - Martin Samuelsson is hit by Dustin Boyd and loses puck.
8:10 of 2nd period - Wrist shot by Dustin Boyd.
8:10 of 2nd period - Deflect By Martin Samuelsson.
8:10 of 2nd period - Stopped by Tyler Weiman without a rebound.
8:11 of 2nd period - Dustin Boyd wins face-off versus Kyle Wellwood in Sharks zone.
8:18 of 2nd period - Snap shot by Dustin Boyd.
8:18 of 2nd period - Stopped by Tyler Weiman with a rebound.
8:20 of 2nd period - Wrist shot by Dustin Boyd.
8:20 of 2nd period - Stopped by Tyler Weiman without a rebound.
8:21 of 2nd period - David Legwand wins face-off versus Maxim Afinogenov in Sharks zone.
8:32 of 2nd period - Snap shot by David Legwand.
8:32 of 2nd period - Goal by David Legwand - Devils : 0 - Sharks : 1.
8:33 of 2nd period - Zach Parise wins face-off versus Dany Heatley in neutral zone.
8:40 of 2nd period - Slapshot by Lasse Kukkonen.
8:40 of 2nd period - Shot Misses the Net.
8:46 of 2nd period - Slapshot by Alex Pietrangelo.
8:46 of 2nd period - Stopped by Dan Ellis without a rebound.
8:47 of 2nd period - Vincent Lecavalier wins face-off versus David Legwand in Devils zone.
8:54 of 2nd period - Wrist shot by Vincent Lecavalier.
8:54 of 2nd period - Shot Misses the Net.
9:00 of 2nd period - Snap shot by Dany Heatley.
9:00 of 2nd period - Stopped by Dan Ellis without a rebound.
9:01 of 2nd period - Vincent Lecavalier wins face-off versus David Legwand in Devils zone.
9:56 of 2nd period - Snap shot by Alexander Radulov.
9:56 of 2nd period - Stopped by Dan Ellis with a rebound.
9:58 of 2nd period - Slapshot by Johnny Boychuk.
9:58 of 2nd period - Stopped by Dan Ellis without a rebound.
9:59 of 2nd period - David Legwand wins face-off versus Vincent Lecavalier in Devils zone.
10:48 of 2nd period - Snap shot by Patrick Eaves.
10:48 of 2nd period - Shot Misses the Net.
10:50 of 2nd period - Snap shot by Patrick Eaves.
10:50 of 2nd period - Stopped by Tyler Weiman without a rebound.
10:51 of 2nd period - David Legwand wins face-off versus Vincent Lecavalier in Sharks zone.
10:51 of 2nd period - David Legwand is hit by Jay Bouwmeester.
11:02 of 2nd period - Minor Penalty to Maxim Afinogenov for High sticking.
11:03 of 2nd period - Jason Arnott wins face-off versus David Legwand in Devils zone.
11:03 of 2nd period - Jason Arnott is hit by Dany Heatley.
11:15 of 2nd period - Off-side.
11:16 of 2nd period - Dany Heatley wins face-off versus Jason Arnott in neutral zone.
11:23 of 2nd period - Wrist shot by Dany Heatley.
11:23 of 2nd period - Stopped by Dan Ellis without a rebound.
11:24 of 2nd period - Jason Arnott wins face-off versus David Legwand in Devils zone.
11:44 of 2nd period - Zach Parise is hit by David Legwand and loses puck.
11:59 of 2nd period - Wrist shot by Dany Heatley.
11:59 of 2nd period - Stopped by Dan Ellis with a rebound.
12:01 of 2nd period - Wrist shot by Daniel Alfredsson.
12:01 of 2nd period - Shot Misses the Net.
12:03 of 2nd period - Backhand shot by Dany Heatley.
12:03 of 2nd period - Shot Blocked by Brad Ference.
12:17 of 2nd period - Wrist shot by Dany Heatley.
12:17 of 2nd period - Stopped by Dan Ellis with a rebound.
12:19 of 2nd period - Wrist shot by Dany Heatley.
12:19 of 2nd period - Goal by Dany Heatley - Devils : 0 - Sharks : 2.
12:20 of 2nd period - Vincent Lecavalier wins face-off versus Antoine Vermette in neutral zone.
12:52 of 2nd period - Dustin Boyd is hit by Ted Purcell and loses puck.
13:51 of 2nd period - Wrist shot by Patrick Eaves.
13:51 of 2nd period - Shot Misses the Net.
14:30 of 2nd period - Slapshot by Nigel Dawes.
14:30 of 2nd period - Stopped by Dan Ellis with a rebound.
14:34 of 2nd period - Slapshot by Nigel Dawes.
14:34 of 2nd period - Deflect By Vincent Lecavalier.
14:34 of 2nd period - Shot Misses the Net.
14:34 of 2nd period - Puck is out of play.
14:35 of 2nd period - David Legwand wins face-off versus Vincent Lecavalier in Devils zone.
14:38 of 2nd period - Slapshot by David Legwand.
14:38 of 2nd period - Stopped by Dan Ellis with a rebound.
14:42 of 2nd period - Wrist shot by Dany Heatley.
14:42 of 2nd period - Stopped by Dan Ellis without a rebound.
14:43 of 2nd period - Vincent Lecavalier wins face-off versus David Legwand in Devils zone.
14:43 of 2nd period - Vincent Lecavalier is hit by Shaone Morrisonn.
14:55 of 2nd period - Slapshot by Jay Bouwmeester.
14:55 of 2nd period - Stopped by Tyler Weiman with a rebound.
14:57 of 2nd period - Slapshot by Mike Komisarek.
14:57 of 2nd period - Shot Misses the Net.
14:59 of 2nd period - Snap shot by Maxim Afinogenov.
14:59 of 2nd period - Stopped by Tyler Weiman with a rebound.
15:05 of 2nd period - Minor Penalty to Dany Heatley for Charging.
15:06 of 2nd period - Vincent Lecavalier wins face-off versus Martin Samuelsson in Sharks zone.
15:37 of 2nd period - Snap shot by Patric Hornqvist.
15:37 of 2nd period - Deflect By Stephen Weiss.
15:37 of 2nd period - Shot Misses the Net.
15:37 of 2nd period - Puck is out of play.
15:38 of 2nd period - Vincent Lecavalier wins face-off versus Adam Mair in Sharks zone.
15:49 of 2nd period - Snap shot by Vincent Lecavalier.
15:49 of 2nd period - Goal by Vincent Lecavalier - Devils : 1 - Sharks : 2.
15:50 of 2nd period - Vincent Lecavalier wins face-off versus David Legwand in neutral zone.
15:59 of 2nd period - Snap shot by Maxim Afinogenov.
15:59 of 2nd period - Stopped by Tyler Weiman without a rebound.
16:00 of 2nd period - Vincent Lecavalier wins face-off versus David Legwand in Sharks zone.
16:07 of 2nd period - Wrist shot by Vincent Lecavalier.
16:07 of 2nd period - Goal by Vincent Lecavalier - Devils : 2 - Sharks : 2.
16:08 of 2nd period - Maxim Afinogenov wins face-off versus David Legwand in neutral zone.
16:12 of 2nd period - Off-side.
16:13 of 2nd period - David Legwand wins face-off versus Vincent Lecavalier in neutral zone.
16:44 of 2nd period - Snap shot by Patric Hornqvist.
16:44 of 2nd period - Shot Blocked by Antoine Vermette.
16:44 of 2nd period - Antoine Vermette from Sharks is injured at 16:44 of 2nd period (Strained Back).
16:45 of 2nd period - David Legwand wins face-off versus Vincent Lecavalier in Sharks zone.
17:12 of 2nd period - Kyle Wellwood is hit by Patric Hornqvist and loses puck.
17:17 of 2nd period - Snap shot by Stephen Weiss.
17:17 of 2nd period - Shot Blocked by Alex Pietrangelo.
17:33 of 2nd period - Wrist shot by Adam Mair.
17:33 of 2nd period - Shot Misses the Net.
17:35 of 2nd period - Snap shot by Alexander Radulov.
17:35 of 2nd period - Stopped by Dan Ellis without a rebound.
17:36 of 2nd period - David Legwand wins face-off versus Dustin Boyd in Devils zone.
18:02 of 2nd period - Brandon Yip is hit by Vincent Lecavalier and loses puck.
18:21 of 2nd period - Wrist shot by Stephen Weiss.
18:21 of 2nd period - Shot Misses the Net.
18:23 of 2nd period - Snap shot by Guillaume Latendresse.
18:23 of 2nd period - Stopped by Tyler Weiman without a rebound.
18:24 of 2nd period - Adam Mair wins face-off versus Stephen Weiss in Sharks zone.
18:59 of 2nd period - Off-side.
19:00 of 2nd period - Stephen Weiss wins face-off versus Brandon Yip in neutral zone.
19:03 of 2nd period - David Hale is hit by Ben Lovejoy and loses puck.
19:30 of 2nd period - Slapshot by Johnny Boychuk.
19:30 of 2nd period - Stopped by Dan Ellis without a rebound.
19:31 of 2nd period - David Legwand wins face-off versus Vincent Lecavalier in Devils zone.
19:32 of 2nd period - Snap shot by Alex Pietrangelo.
19:32 of 2nd period - Stopped by Dan Ellis with a rebound.
19:34 of 2nd period - Slapshot by Alex Pietrangelo.
19:34 of 2nd period - Deflect By David Legwand.
19:34 of 2nd period - Shot Blocked by Maxim Afinogenov.
19:34 of 2nd period - Puck is out of play.
19:35 of 2nd period - Vincent Lecavalier wins face-off versus David Legwand in Devils zone.
19:42 of 2nd period - Slapshot by Vincent Lecavalier.
19:42 of 2nd period - Shot Blocked by Lasse Kukkonen.
Goals for this period are 2 for Devils vs 2 for Sharks.
Shots for this period are 14 for Devils vs 15 for Sharks.
3rd period
0:01 of 3rd period - Vincent Lecavalier wins face-off versus David Legwand in neutral zone.
0:08 of 3rd period - Snap shot by Maxim Afinogenov.
0:08 of 3rd period - Shot Misses the Net.
0:12 of 3rd period - Slapshot by Vincent Lecavalier.
0:12 of 3rd period - Shot Blocked by Alex Pietrangelo.
0:14 of 3rd period - Slapshot by Jay Bouwmeester.
0:14 of 3rd period - Shot Blocked by Daniel Alfredsson.
0:30 of 3rd period - Minor Penalty to Markus Naslund for Tripping.
0:31 of 3rd period - Dany Heatley wins face-off versus Vincent Lecavalier in Sharks zone.
0:43 of 3rd period - Wrist shot by Vincent Lecavalier.
0:43 of 3rd period - Shot Blocked by Lasse Kukkonen.
1:09 of 3rd period - Slapshot by Jay Bouwmeester.
1:09 of 3rd period - Shot Misses the Net.
1:11 of 3rd period - Snap shot by Patric Hornqvist.
1:11 of 3rd period - Goal by Patric Hornqvist - Devils : 3 - Sharks : 2.
1:12 of 3rd period - David Legwand wins face-off versus Vincent Lecavalier in neutral zone.
1:29 of 3rd period - Johnny Boychuk is hit by Zach Parise and loses puck.
1:50 of 3rd period - Snap shot by Dustin Boyd.
1:50 of 3rd period - Shot Misses the Net.
2:36 of 3rd period - Snap shot by Alex Pietrangelo.
2:36 of 3rd period - Deflect By Nigel Dawes.
2:36 of 3rd period - Shot Misses the Net.
2:36 of 3rd period - Puck is out of play.
2:37 of 3rd period - Kyle Wellwood wins face-off versus Vincent Lecavalier in Devils zone.
2:48 of 3rd period - Slapshot by Kyle Wellwood.
2:48 of 3rd period - Shot Misses the Net.
3:15 of 3rd period - Slapshot by Alexander Radulov.
3:15 of 3rd period - Stopped by Dan Ellis with a rebound.
3:17 of 3rd period - Snap shot by Nigel Dawes.
3:17 of 3rd period - Stopped by Dan Ellis without a rebound.
3:18 of 3rd period - Dustin Boyd wins face-off versus David Legwand in Devils zone.
3:23 of 3rd period - Snap shot by Jay Bouwmeester.
3:23 of 3rd period - Stopped by Tyler Weiman without a rebound.
3:24 of 3rd period - Dustin Boyd wins face-off versus David Legwand in Sharks zone.
3:27 of 3rd period - Wrist shot by Patrick Eaves.
3:27 of 3rd period - Stopped by Tyler Weiman without a rebound.
3:28 of 3rd period - Dustin Boyd wins face-off versus David Legwand in Sharks zone.
3:45 of 3rd period - Wrist shot by David Legwand.
3:45 of 3rd period - Shot Blocked by Ladislav Nagy.
3:55 of 3rd period - Snap shot by Dany Heatley.
3:55 of 3rd period - Stopped by Dan Ellis with a rebound.
3:57 of 3rd period - Wrist shot by Daniel Alfredsson.
3:57 of 3rd period - Shot Blocked by Ladislav Nagy.
4:07 of 3rd period - Wrist shot by Daniel Alfredsson.
4:07 of 3rd period - Stopped by Dan Ellis with a rebound.
5:55 of 3rd period - Wrist shot by Daniel Alfredsson.
5:55 of 3rd period - Stopped by Dan Ellis with a rebound.
5:57 of 3rd period - Slapshot by Shaone Morrisonn.
5:57 of 3rd period - Deflect By Daniel Alfredsson.
5:57 of 3rd period - Shot Blocked by Mike Komisarek.
5:57 of 3rd period - Puck is out of play.
5:58 of 3rd period - Vincent Lecavalier wins face-off versus Kyle Wellwood in Devils zone.
7:09 of 3rd period - Lasse Kukkonen is hit by Zach Parise and loses puck.
7:28 of 3rd period - Lasse Kukkonen is hit by Guillaume Latendresse and loses puck.
11:27 of 3rd period - Andy Greene is hit by Alexander Radulov and loses puck.
11:56 of 3rd period - Icing by Antti Miettinen.
11:57 of 3rd period - Jason Arnott wins face-off versus David Legwand in Devils zone.
12:26 of 3rd period - Johnny Boychuk is hit by Brad Ference and loses puck.
13:10 of 3rd period - Dany Heatley is hit by Vincent Lecavalier and loses puck.
13:48 of 3rd period - Icing by Mike Lundin.
13:49 of 3rd period - Ted Purcell wins face-off versus Guillaume Latendresse in Devils zone.
14:14 of 3rd period - Zach Parise is hit by David Legwand and loses puck.
14:19 of 3rd period - Snap shot by Daniel Alfredsson.
14:19 of 3rd period - Shot Blocked by Jay Bouwmeester.
14:45 of 3rd period - Off-side.
14:46 of 3rd period - Adam Mair wins face-off versus Jason Arnott in neutral zone.
14:51 of 3rd period - Slapshot by Alex Pietrangelo.
14:51 of 3rd period - Shot Misses the Net.
14:53 of 3rd period - Slapshot by Alex Pietrangelo.
14:53 of 3rd period - Stopped by Dan Ellis without a rebound.
14:54 of 3rd period - Vincent Lecavalier wins face-off versus David Legwand in Devils zone.
15:01 of 3rd period - Snap shot by Vincent Lecavalier.
15:01 of 3rd period - Stopped by Tyler Weiman without a rebound.
15:02 of 3rd period - David Legwand wins face-off versus Zach Parise in Sharks zone.
15:13 of 3rd period - Wrist shot by David Legwand.
15:13 of 3rd period - Deflect By Daniel Alfredsson.
15:13 of 3rd period - Stopped by Dan Ellis with a rebound.
15:21 of 3rd period - Slapshot by Alex Pietrangelo.
15:21 of 3rd period - Stopped by Dan Ellis with a rebound.
15:29 of 3rd period - Lasse Kukkonen is hit by Vincent Lecavalier and loses puck.
15:37 of 3rd period - Slapshot by Brad Ference.
15:37 of 3rd period - Stopped by Tyler Weiman without a rebound.
15:38 of 3rd period - Kyle Wellwood wins face-off versus Stephen Weiss in Sharks zone.
15:51 of 3rd period - Snap shot by Stephen Weiss.
15:51 of 3rd period - Shot Misses the Net.
16:34 of 3rd period - Jason Arnott is hit by David Hale and loses puck.
17:07 of 3rd period - Wrist shot by Maxim Afinogenov.
17:07 of 3rd period - Shot Blocked by Lasse Kukkonen.
17:37 of 3rd period - Alex Pietrangelo is hit by Ladislav Nagy and loses puck.
18:19 of 3rd period - Mike Lundin is hit by David Legwand and loses puck.
18:55 of 3rd period - Snap shot by Dany Heatley.
18:55 of 3rd period - Shot Blocked by Jay Bouwmeester.
19:11 of 3rd period - Sharks, Tyler Weiman is pulled from the net.
19:25 of 3rd period - Backhand shot by Maxim Afinogenov.
19:25 of 3rd period - Goal by Maxim Afinogenov - Devils : 4 - Sharks : 2.
19:25 of 3rd period - Tyler Weiman from Sharks was sent back in the game.
19:26 of 3rd period - Kyle Wellwood wins face-off versus Vincent Lecavalier in neutral zone.
19:29 of 3rd period - Maxim Afinogenov is hit by Johnny Boychuk and loses puck.
19:44 of 3rd period - Maxim Afinogenov is hit by Johnny Boychuk and loses puck.
Goals for this period are 2 for Devils vs 0 for Sharks.
Shots for this period are 6 for Devils vs 8 for Sharks.
Output by the SimonT Hockey Simulator (STHS) for François Prévost -- Original Page W3C XHTML 1.0 Valid